 Dungeon Crawl Stone Soup version 0.20.0-4-g10b340a (webtiles) character file.

159 inmateoo the Ruffian (level 5, -1/45 HPs)
             Began as a Minotaur Monk on May 27, 2017.
             Slain by a sky beast (4 damage)
             ... on level 5 of the Dungeon.
             The game lasted 00:03:24 (3374 turns).

inmateoo the Ruffian (Minotaur Monk)                Turns: 3374, Time: 00:03:25

Health: -1/45      AC:  4    Str: 16    XL:     5   Next: 17%
Magic:  4/4        EV: 12    Int:  7    God:
Gold:   160        SH:  0    Dex: 13    Spells: 4/4 levels left

rFire    . . .     SeeInvis .     - Unarmed
rCold    . . .     Gourm    .   (no shield)
rNeg     . . .     Faith    .   g - +0 leather armour
rPois    .         Spirit   .   (helmet unavailable)
rElec    .         Reflect  .   (no cloak)
rCorr    .         Harm     .   c - +0 pair of gloves
MR       .....                  (no boots)
Stlth    +.........             (no amulet)
Regen    0.2/turn               (no ring)
MPRegen  0.1/turn               (no ring)

@: flying, hasted, drained, very quick
A: retaliatory headbutt, horns 3, subdued magic 1
a: no special abilities


You were on level 5 of the Dungeon.
You were hungry.

You visited 1 branch of the dungeon, and saw 5 of its levels.

You collected 160 gold pieces.

Inventory:

Armour
 c - a +0 pair of gloves (worn)
 g - a +0 leather armour (worn)
Wands
 v - a wand of confusion (28/48)
Scrolls
 a - 2 scrolls of amnesia {unknown}
 d - a scroll of immolation {unknown}
 e - 3 scrolls of recharging {unknown}
 h - 8 scrolls of identify {unknown}
 i - a scroll of enchant weapon {unknown}
 j - a scroll of enchant armour {unknown}
 l - a scroll of fog {unknown}
 m - 3 scrolls of remove curse {unknown}
 o - a scroll of noise {unknown}
 w - a scroll of fear {unknown}
Potions
 q - a potion of might {unknown}
 r - a potion of flight
 s - a potion of heal wounds {unknown}
 u - a potion of lignification {unknown}
Comestibles
 b - 5 bread rations
 p - 2 meat rations
 t - 7 fruits


   Skills:
 - Level 3.6(2.9) Fighting
 - Level 3.2(2.5) Dodging
 - Level 1.5(0.8) Stealth
 + Level 6.5(5.7) Unarmed Combat


You had 4 spell levels left.
You didn't know any spells.

Dungeon Overview and Level Annotations

Branches:
Dungeon (5/15)
 Temple: D:4-7

Altars:
Elyvilon
Okawaru
Zin
The Shining One

Shops:
D:4 }


Innate Abilities, Weirdness & Mutations

You reflexively headbutt those who attack you in melee.
You have a pair of large horns on your head.
Your spells are a little easier to cast, but a little less powerful.


Message History

The centaur hits you!
* * * LOW HITPOINT WARNING * * *
The sky beast flickers out of sight!
Deactivating autopickup; reactivate with Ctrl-A.
Something hits you but does no damage. The centaur closely misses you.
You furiously retaliate!
You headbutt the centaur!
It was a potion of flight.
You feel very buoyant.
You fly up into the air.
Something hits you.
* * * LOW HITPOINT WARNING * * *
Something shocks you.
* * * LOW HITPOINT WARNING * * *
The centaur hits you but does no damage.
It was a potion of haste.
You feel yourself speed up.
The centaur hits you but does no damage.
Something barely misses you. The centaur closely misses you.
It was a potion of mutation.
You feel extremely strange.
Your connection to magic feels subdued.
The horns on your head grow some more. Something hits you.
You die...

#..........# #.#.#
#..........# #.#.#
#...>..<...######.#.#
#..........'....#.#.#
#..........####.#.#.#
##########.# #.#.#.#
#####....# #.# #.#.#<#
.......c.# #.####.#.#.#
.......@{# #......#.#.#
.........####..#####.#.#
.........(...)).####.#.#
.........####........#.#
.........# #.########.#
#####....# #...........
#....# ############
......# ....####


You could see a centaur.

Vanquished Creatures
  Ijyb (D:4)
  3 gnolls
  3 adders
  2 oozes
  5 worms
  3 dart slugs
  A leopard gecko (D:4)
  An orc (D:3)
  2 giant cockroaches
  5 goblins
  3 hobgoblins
  A jackal (D:1)
  3 quokkas
  4 bats
  2 frilled lizards
  6 kobolds
  8 rats
53 creatures vanquished.

Notes
Turn   | Place    | Note
-------+----------+-------------------------------------------
     0 | D:1      | inmateoo the Minotaur Monk began the quest for the Orb.
     0 | D:1      | Reached XP level 1. HP: 19/19 MP: 0/0
   217 | D:1      | Reached skill level 4 in Unarmed Combat
   217 | D:1      | Reached XP level 2. HP: 21/26 MP: 1/1
   704 | D:2      | Reached XP level 3. HP: 30/31 MP: 2/2
   774 | D:2      | Found a glowing golden altar of the Shining One.
  1117 | D:3      | Found a glowing golden altar of the Shining One.
  1179 | D:3      | Reached skill level 5 in Unarmed Combat
  1708 | D:1      | Reached XP level 4. HP: 19/39 MP: 3/3
  2479 | D:4      | Reached skill level 6 in Unarmed Combat
  2507 | D:4      | Found Emeos's Gadget Shoppe.
  2699 | D:4      | Found a glowing silver altar of Zin.
  2750 | D:4      | Noticed Ijyb
  2756 | D:4      | Killed Ijyb
  2756 | D:4      | Reached XP level 5. HP: 42/45 MP: 4/4
  2828 | D:4      | Found an iron altar of Okawaru.
  2980 | D:4      | Found a white marble altar of Elyvilon.
  3270 | D:5      | Entered Level 5 of the Dungeon
  3363 | D:5      | Noticed a centaur
  3363 | D:5      | Noticed a sky beast
  3369 | D:5      | HP: 2/45 [something (6)]
  3374 | D:5      | Gained mutation: Your spells are a little easier to cast, but a little less powerful. [potion of mutation]
  3374 | D:5      | Gained mutation: You have a pair of large horns on your head. [potion of mutation]
  3374 | D:5      | Slain by a sky beast

Skill      XL: |  1  2  3  4 |
---------------+-------------+-----
Unarmed Combat | 4 5 6 |  6.5
Fighting       | |  3.6
Dodging        | |  3.2
Stealth        | |  1.5

Action                   |  1- 3 |  4- 6 || total
-------------------------+-------+-------++-------
Melee: Unarmed           |    76 |    50 ||   126
       Headbutt          |    14 |    14 ||    28
  Use: Potion            |       |     5 ||     5
 Stab: Sleeping          |     3 |       ||     3
  Eat: Chunk             |     1 |     6 ||     7
Armor: Leather armour    |    14 |    12 ||    26
       Robe              |     1 |       ||     1
Dodge: Dodged            |    35 |    29 ||    64
